 Dungeon Crawl Stone Soup version 0.19.4-8-ga85b6b9 (webtiles) character file.

116 Jerry the Skirmisher (level 5, -2/42 HPs)
             Began as a Formicid Abyssal Knight on Feb 9, 2017.
             Was a Believer of Lugonu.
             Killed by divine providence
             ... invoked by an orc priest
              (14 damage)
             ... on level 3 of the Dungeon.
             The game lasted 00:04:55 (2850 turns).

Jerry the Skirmisher (Formicid Abyssal Knight)      Turns: 2850, Time: 00:04:56

Health: -2/42      AC:  5    Str: 17    XL:     5   Next: 20%
Magic:  7/7        EV: 10    Int: 12    God:    Lugonu [**....]
Gold:   199        SH:  0    Dex: 10    Spells: 0 memorised, 4 levels left

rFire  . . .     SeeInvis +     a - +1 hand axe
rCold  . . .     Gourm    .     l - +0 ring mail
rNeg   . . .     Faith    .     (no shield)
rPois  .         Spirit   .     (helmet unavailable)
rElec  .         Reflect  .     (no cloak)
rCorr  .         Harm     .     (no gloves)
MR     .....                    (no boots)
Stlth  ..........               (no amulet)
                                (no ring)
                                o - ring of flight

@: no status effects
A: permanent stasis, dig shafts and tunnels, four strong arms, antennae 3
a: Dig, Shaft Self, Depart the Abyss, Bend Space, Renounce Religion, Evoke
Flight


You were on level 3 of the Dungeon.
You worshipped Lugonu.
Lugonu was pleased with you.
You were not hungry.

You visited 1 branch of the dungeon, and saw 3 of its levels.
You visited the Abyss 1 time.

You collected 199 gold pieces.

Inventory:

Hand Weapons
 a - a +1 hand axe (weapon)
Armour
 b - a +0 leather armour
 l - a +0 ring mail (worn)
Jewellery
 k - an uncursed ring of protection from cold {unknown}
 o - a ring of flight (left hand)
Scrolls
 e - 4 scrolls of identify {unknown}
 f - a scroll of fog {unknown}
 g - 2 scrolls of teleportation {unknown}
 n - 3 scrolls of remove curse {unknown}
 q - 2 scrolls of recharging {unknown}
Potions
 p - 2 potions of might
Books
 d - a book of Minor Magic

   Spells                             Type                      Level
   a - Magic Dart                     Conjuration                  1
   b - Blink                          Translocation                2
   c - Call Imp                       Summoning                    2
   d - Repel Missiles                 Charms/Air                   2
   e - Slow                           Hexes                        2
   f - Conjure Flame                  Conjuration/Fire             3
   g - Mephitic Cloud                 Conjuration/Poison/Air       3
Comestibles
 c - 3 bread rations
 h - 2 meat rations
 i - a royal jelly
 j - a beef jerky
 m - 2 chunks of flesh


   Skills:
 + Level 3.9 Fighting
 * Level 3.2 Axes
 + Level 3.3 Armour
 - Level 0.8 Dodging
 + Level 3.3 Invocations


You had 4 spell levels left.
You didn't know any spells.

Dungeon Overview and Level Annotations

Branches:
Dungeon (3/15)

Altars:
Hepliaklqana


Innate Abilities, Weirdness & Mutations

You are under a permanent stasis effect.
You can dig through walls and to a lower floor.
Your four strong arms can wield two-handed weapons with a shield.
You have a pair of large antennae on your head. (SInv)


Message History

The orc priest hits you with a war axe!
* * * LOW HITPOINT WARNING * * *
You closely miss the orc priest.
The orc priest is moderately wounded.
You hit the orc wizard.
You kill the orc wizard!
Lugonu accepts your kill.
You can now bend space around yourself.
You have reached level 5!
The orc priest hits you with a war axe.
* * * LOW HITPOINT WARNING * * *
You feel better.
The orc priest hits you but does no damage.
The orc wizard looks satisfied for a moment.
The orc wizard gestures wildly while chanting.
The orc wizard seems to speed up.
The orc priest calls down the wrath of Beogh upon you.
You struggle to resist.
The orc priest mumbles some strange prayers to Beogh against you.
Beogh smites you!
You die...

......#..#..#.#.........# ....
......##....#.#.........#.....
......#.)..##)##.......)......#
......##.#.#..#.........#.....#
......#..####.#.......o.#..!...
......#'##.#..#....o.o.....<...
......#.......#....o....###....
......#########.........# ...#
..............#.@.......... ...
............###.#..........
................####.#......
...........)..#.............
...........................
.........).......########.
###########.#...## ######)#...#
##)#........# .


You could see an orc priest, an orc wizard and 2 orcs.

Vanquished Creatures
  An orc wizard (D:3)
  3 adders
  A worm (D:2)
  2 dart slugs (D:1)
  A leopard gecko (D:2)
  6 orcs (D:3)
  2 giant cockroaches
  5 goblins
  6 hobgoblins
  5 kobolds
  A quokka (D:2)
  9 bats
  3 frilled lizards
  A quokka skeleton (D:2)
  7 rats
53 creatures vanquished.

Notes
Turn   | Place    | Note
-------+----------+-------------------------------------------
     0 | Abyss:1  | Jerry the Formicid Abyssal Knight began the quest for the Orb.
     0 | Abyss:1  | Reached XP level 1. HP: 18/18 MP: 2/2
     9 | Abyss:1  | Found a corrupted altar of Lugonu.
    73 | Abyss:1  | Noticed a small abomination
    95 | Abyss:1  | Noticed a small abomination
    96 | Abyss:1  | Noticed a flying skull
   105 | Abyss:1  | Noticed a starcursed mass
   108 | D:1      | Escaped the Abyss
   235 | D:1      | Reached XP level 2. HP: 24/24 MP: 3/3
   250 | D:1      | Reached * piety under Lugonu
   840 | D:1      | Reached XP level 3. HP: 25/29 MP: 5/5
  1882 | D:2      | Reached XP level 4. HP: 35/36 MP: 6/6
  2292 | D:2      | Found a hazy altar of Hepliaklqana.
  2842 | D:3      | Reached ** piety under Lugonu
  2842 | D:3      | Reached XP level 5. HP: 8/42 MP: 7/7
  2850 | D:3      | Killed from afar by an orc priest

Skill      XL: |  1  2  3  4 |
---------------+-------------+-----
Invocations    | 3 |  3.3
Armour         | 3 |  3.3
Axes           | 3 |  3.2
Fighting       | |  3.9
Dodging        | |  0.8

Action                   |  1- 3 |  4- 6 || total
-------------------------+-------+-------++-------
Melee: Hand axe          |   121 |    77 ||   198
Invok: Depart the Abyss  |     1 |       ||     1
 Abil: Dig               |       |     1 ||     1
  Use: Potion            |       |     3 ||     3
  Eat: Chunk             |     3 |     4 ||     7
Armor: Leather armour    |    20 |       ||    20
       Ring mail         |    28 |    32 ||    60
Dodge: Dodged            |    68 |    44 ||   112
